 Dungeon Sprint DCSS version 0.13-a0-2398-gfa67c8a (webtiles) character file.

1084 JacquesDerrida the Impaler (level 7, 0/51 HPs)
             Began as a Merfolk Gladiator on July 15, 2013.
             Was an Initiate of Okawaru.
             Succumbed to Sonja's poison
             ... in the Dungeon (Sprint I: "Red Sonja").
             The game lasted 00:02:45 (873 turns).

JacquesDerrida the Impaler (Merfolk Gladiator)       Turns: 873, Time: 00:02:45

HP   0/51        AC  4     Str 15      XL: 7   Next: 81%
MP   6/6         EV 16     Int 10      God: Okawaru [......]
Gold 321         SH  0     Dex 14      Spells:  0 memorised,  6 levels left

Res.Fire  : . . .   See Invis. : .   a - +0 trident
Res.Cold  : . . .   Warding    : .   b - +0 leather armour
Life Prot.: . . .   Conserve   : .   (no shield)
Res.Poison: .       Res.Corr.  : .   c - +0 helmet
Res.Elec. : .       Clarity    : .   (no cloak)
Sust.Abil.: . .     Spirit.Shd : .   (no gloves)
Res.Mut.  : .       Prev.Telep.: +   (no boots)
Res.Rott. : .       Flight     : .   (no amulet)
Saprovore : . . .                    (no ring)
                                     (no ring)

@: short of breath, extremely poisoned, hasted and slowed, slightly resistant to
hostile enchantments, unstealthy
A: change form in water, swift swim
a: Renounce Religion


You were in the Dungeon.
You worshipped Okawaru.
Okawaru was noncommittal.
You were hungry.

You visited 1 branch You collected 301 gold pieces.

Inventory:

Hand weapons
 a - a +0,+0 trident (weapon)
 j - a +0,-1 scythe
 l - a +2,+3 dwarven dagger of returning
Missiles
 d - 3 throwing nets (quivered)
Armour
 b - a +0 leather armour (worn)
 c - a +0 helmet (worn)
Comestibles
 f - a bread ration
Scrolls
 k - 2 scrolls of blinking
Potions
 e - a potion of curing
 g - a potion of heal wounds
 i - 2 potions of magic


   Skills:
 - Level 2.1 Fighting
 - Level 20.0 Polearms
 - Level 2.0 Throwing
 + Level 8.7 Dodging


You had 6 spell levels left.
You didn't know any spells.

Dungeon Overview and Level Annotations

Branches:
Dungeon (1/1)

Altars:
Elyvilon
Makhleb
Okawaru
Sif Muna
Zin
the Shining One

Shops:
D: (

Annotations
D Sonja


Message History

You are more poisoned.
Sonja hits you with an uncursed short sword of venom.
You are more poisoned.
You closely miss Sonja.
Sonja is severely wounded.
You feel very sick.
You feel a little better.
Unknown command.
You miss Sonja.
Sonja is severely wounded.
You feel very sick.
Sonja hits you with an uncursed short sword of venom.
* * * LOW HITPOINT WARNING * * *
Sonja hits you with an uncursed short sword of venom.
* * * LOW HITPOINT WARNING * * *
You are more poisoned.
Sonja misses you.
You barely miss Sonja.
Sonja is severely wounded.
You die...

#<<#..)..#[.'..#__#
#<.'%.#..'..#..'..+
#..#####'#####'#__#
#..####..#...#.####
#..#_.####.(##.#
#..#.....##'#..+
#⌠⌠#_.∩...'..._#
####.....##_.#+#
#K@_._###K# #######
.# .K .$# .## +#


You could see Sonja.

Vanquished Creatures
  A giant amoeba (D)
  An elephant slug (D)
  An ogre (D)
  Sigmund (D)
  A jelly (D)
  Ijyb (D)
6 creatures vanquished.

Notes
Turn   | Place    | Note
--------------------------------------------------------------
     0 | D        | JacquesDerrida, the Merfolk Gladiator, began the quest for the Orb.
     0 | D        | Reached XP level 1. HP: 17/17 MP: 0/0
     2 | D        | Noticed Ijyb
    14 | D        | Killed Ijyb
    14 | D        | Reached skill level 8 in Polearms
    14 | D        | Reached XP level 2. HP: 5/23 MP: 1/1
   220 | D        | Noticed an ogre
   225 | D        | Killed an ogre
   225 | D        | Reached skill level 12 in Polearms
   225 | D        | Reached XP level 3. HP: 28/28 MP: 2/2
   225 | D        | Reached XP level 4. HP: 35/35 MP: 3/3
   229 | D        | Noticed Sigmund
   236 | D        | Killed Sigmund
   236 | D        | Reached skill level 15 in Polearms
   236 | D        | Reached XP level 5. HP: 26/40 MP: 4/4
   348 | D        | Found a burning altar of Makhleb.
   348 | D        | Found a glowing silver altar of Zin.
   348 | D        | Found a glowing golden altar of the Shining One.
   348 | D        | Found a glowing golden altar of the Shining One.
   348 | D        | Noticed a giant amoeba
   365 | D        | Killed a giant amoeba
   365 | D        | Reached skill level 20 in Polearms
   365 | D        | Reached XP level 6. HP: 20/46 MP: 5/5
   365 | D        | Reached XP level 7. HP: 22/51 MP: 6/6
   473 | D        | Found a glowing silver altar of Zin.
   476 | D        | Found a glowing golden altar of the Shining One.
   643 | D        | Found a white marble altar of Elyvilon.
   643 | D        | Found Shywn's Weapon Emporium.
   643 | D        | Found a glowing silver altar of Zin.
   643 | D        | Found a burning altar of Makhleb.
   643 | D        | Noticed an elephant slug
   644 | D        | Found an iron altar of Okawaru.
   701 | D        | Killed an elephant slug
   720 | D        | Found a deep blue altar of Sif Muna.
   728 | D        | Became a worshipper of Warmaster Okawaru
   855 | D        | Noticed Sonja
   873 | D        | Succumbed to Sonja's poison

Action                   |  1- 3 |  4- 6 |  7- 9 || total
-------------------------+-------+-------+-------++-------
Melee: Trident           |    16 |    17 |    44 ||    77
       Scythe            |       |       |     7 ||     7
  Use: Potion            |     1 |       |     1 ||     2
